 Dungeon Sprint DCSS version 0.23-a0-207-g93a313e (webtiles) character file.

11642 emperorscorpion the Cruncher (level 11, -7/93 HPs)
             Began as a Gnoll Skald on Sept 23, 2018.
             Was the Champion of Cheibriados.
             Killed by divine providence
             ... invoked by an orc high priest
              (9 damage)
             ... in the Dungeon (Sprint IX: "|||||||||||||||||||||||||||||") on Sept 24, 2018.
             The game lasted 00:11:07 (746 turns).

emperorscorpion the Cruncher (Gnoll Skald)           Turns: 746, Time: 00:11:08

Health: -7/93      AC: 19    Str: 29    XL:     11   Next: 80%
Magic:  24/26      EV: 22    Int: 31    God:    Cheibriados [******]
Gold:   1676       SH:  0    Dex: 35    Spells: 24/33 levels left

rFire    . . .     SeeInvis .   F - +0 glaive
rCold    . . .     Gourm    .   (shield currently unavailable)
rNeg     . . .     Faith    .   E - +0 plate armour
rPois    .         Spirit   .   u - +0 helmet
rElec    .         Reflect  .   q - +0 cloak
rCorr    .         Harm     .   B - +0 pair of gloves
MR       .....     NoTele   +   (no boots)
Stlth    +.........             (no amulet)
HPRegen  1.25/turn              s - +2 ring of evasion
MPRegen  0.20/turn              t - +3 ring of dexterity

@: regenerating, studying Staves, very slow
A: distributed training, fangs 1, strong nose
a: Bend Time, Temporal Distortion, Slouch, Step From Time, Renounce Religion


You were in the Dungeon.
You worshipped Cheibriados.
Cheibriados was exalted by your worship.
You were not hungry.

You visited 1 branch You collected 1676 gold pieces.

Inventory:

Hand Weapons
 a - a +2 halberd of chopping
 b - a +0 shortbow
 p - a +0 spear
 C - a +0 blowgun
 F - a +0 glaive (weapon)
Missiles
 i - 56 arrows
 D - 9 curare-tipped needles
Armour
 o - a +0 leather armour
 q - a +0 cloak (worn)
 r - a +1 scale mail
 u - a +0 helmet (worn)
 B - a +0 pair of gloves (worn)
 E - a +0 plate armour (worn)
Magical Staves
 c - an uncursed staff of energy
Jewellery
 s - a +2 ring of evasion (left hand)
 t - a +3 ring of dexterity (right hand)
Wands
 n - a wand of iceblast (9)
Scrolls
 j - 4 scrolls of blinking
 l - 5 scrolls of remove curse
 m - 2 scrolls of amnesia
 y - a scroll of identify
 z - 2 scrolls of enchant weapon
 A - 2 scrolls of enchant armour
Potions
 e - 5 potions of curing
 g - 2 potions of haste
 h - 4 potions of magic
 k - a potion of invisibility
 v - 2 potions of resistance
 w - a potion of agility
Books
 x - a manual of Staves
Comestibles
 d - 11 rations


   Skills:
 + Level 11.4 Fighting
 + Level 10.6 Short Blades
 + Level 10.6 Long Blades
 + Level 10.6 Axes
 + Level 10.6 Maces & Flails
 + Level 11.4 Polearms
 + Level 13.0 Staves
 + Level 10.6 Slings
 + Level 10.6 Bows
 + Level 10.6 Crossbows
 + Level 10.6 Throwing
 + Level 10.9 Armour
 + Level 11.4 Dodging
 + Level 10.6 Stealth
 + Level 10.6 Shields
 + Level 10.6 Unarmed Combat
 + Level 11.6 Spellcasting
 + Level 9.0 Conjurations
 + Level 9.0 Hexes
 + Level 10.5 Charms
 + Level 9.0 Summonings
 + Level 9.0 Necromancy
 + Level 9.0 Translocations
 + Level 9.0 Transmutations
 + Level 9.0 Fire Magic
 + Level 9.0 Ice Magic
 + Level 9.0 Air Magic
 + Level 9.0 Earth Magic
 + Level 9.0 Poison Magic
 + Level 11.4 Invocations
 + Level 10.6 Evocations


You had 24 spell levels left.
You knew the following spells:

 Your Spells              Type           Power        Failure   Level  Hunger
a - Infusion              Chrm           ####         1%          1    None
b - Shroud of Golubria    Chrm/Tloc      ######....   1%          2    None
c - Spectral Weapon       Hex/Chrm       ######..     1%          3    None
r - Regeneration          Chrm/Necr      ######....   1%          3    None

Your spell library contained the following spells:

 Spells                   Type           Power        Failure   Level  Hunger
 Song of Slaying          Chrm           ######..     1%          2    None


Dungeon Overview and Level Annotations

Branches:
Dungeon (1/1)

Altars:
Cheibriados
Dithmenos
Elyvilon
Fedhas
Gozag
Hepliaklqana
Kikubaaqudgha
Makhleb
Nemelex Xobeh
Okawaru
Qazlal
Ru
Sif Muna
Trog
Uskayaw
Vehumet
Wu Jian
Xom
Yredelemnul
Zin
The Shining One
Beogh
Jiyva
Lugonu

Shops:
D [(:?


Innate Abilities, Weirdness & Mutations

Your experience applies equally to all skills.
You have very sharp teeth.
Your uncanny sense of smell can sniff out nearby items.


Message History

You completely miss the orc high priest.
The orc high priest is almost dead.
Your spectral weapon barely misses the orc high priest.
The orc high priest hits your spectral weapon but does no damage.
Unknown command.
Attack whom?
Press: ? - help, Dir - move target cursor, f/p - orc high priest
Aim: an orc high priest, wielding a short sword (almost dead, unusually strong)
You could not reach far enough!
The orc high priest no longer looks unusually strong.
The orc high priest calls down the wrath of Beogh upon you.
Beogh smites you!
* * * LOW HITPOINT WARNING * * *
The orc knight roars a battlecry!
The orc high priest goes into a battle-frenzy!
The soul eater draws from the surrounding life force!
* * * LOW HITPOINT WARNING * * *
The orc high priest invokes the aid of Beogh against you.
Beogh smites you!
You die...

∆∆∆∆ ∆∆∆∆ ∆∆
▓▓▓▓▓▓▓▓▓▓▓▓▓▓▓▓▓▓▓▓▓▓▓▓▓▓
∆∆4$.∩.3oo(@..)).[..........
▓▓▓▓▓▓▓▓▓▓▓▓▓▓▓▓▓▓▓▓▓▓▓▓▓▓▓▓▓▓▓▓▓
..........)(...).................
▓▓▓▓▓▓▓▓▓▓▓▓▓▓▓▓▓▓▓▓▓▓▓▓▓▓▓▓▓▓▓▓▓
...[[...').[.........†....†....(.
▓▓▓▓▓▓▓▓▓▓▓▓▓▓▓▓▓▓▓▓▓▓▓▓▓▓▓▓▓▓▓▓▓
.................................
▓▓▓▓▓▓▓▓▓▓▓▓▓▓▓▓▓▓▓▓▓▓▓▓▓▓▓▓▓▓▓▓▓
...)'......)...[.)...'___________


You could see an orc knight, a soul eater, an orc high priest and a friendly
spectral glaive.

Vanquished Creatures
  A hydra (D)
  A two-headed ogre (D)
  4 orc high priests (D)
  Sonja (D)
  2 orc knights (D)
  2 orc sorcerers (D)
  2 spiny frogs (D)
  2 komodo dragons (D)
  2 polar bears (D)
  A blink frog (D)
  3 hippogriffs (D)
  A wyvern (D)
  Grum (D)
  2 yaks (D)
  3 water moccasins (D)
  A porcupine (D)
  6 black bears (D)
  9 orc warriors (D)
  An ice beast (D)
  4 wolves (D)
  3 centaurs (D)
  3 crocodiles (D)
  A bullfrog (D)
  2 scorpions (D)
  2 orc priests (D)
  A worker ant (D)
  3 orc wizards (D)
  2 shadow imps (D)
  15 orcs (D)
  2 bat skeletons (D)
  A giant cockroach (D)
  A goblin (D)
  3 kobolds (D)
  A rat (D)
  A spectral weapon (D)
90 creatures vanquished.

Vanquished Creatures (others)
  2 spectral weapons (D)
2 creatures vanquished.

Grand Total: 92 creatures vanquished

Notes
Turn   | Place    | Note
-------+----------+-------------------------------------------
     0 | D        | emperorscorpion the Gnoll Skald began the quest for the
                  | Orb.
     0 | D        | Reached XP level 1. HP: 20/20 MP: 6/6
    13 | D        | Reached skill level 5 in Spellcasting
    17 | D        | Reached skill level 1 in Invocations
    18 | D        | Reached skill level 1 in Short Blades
    18 | D        | Reached skill level 1 in Long Blades
    18 | D        | Reached skill level 1 in Axes
    18 | D        | Reached skill level 1 in Maces & Flails
    18 | D        | Reached skill level 1 in Staves
    18 | D        | Reached skill level 1 in Slings
    18 | D        | Reached skill level 1 in Bows
    18 | D        | Reached skill level 1 in Crossbows
    18 | D        | Reached skill level 1 in Throwing
    18 | D        | Reached skill level 1 in Stealth
    18 | D        | Reached skill level 1 in Shields
    18 | D        | Reached skill level 1 in Unarmed Combat
    18 | D        | Reached skill level 1 in Evocations
    25 | D        | Noticed a centaur
    25 | D        | Noticed a centaur
    25 | D        | Noticed an ice beast
    29 | D        | Killed an ice beast
    29 | D        | Reached skill level 5 in Fighting
    29 | D        | Reached skill level 5 in Polearms
    29 | D        | Reached skill level 2 in Staves
    29 | D        | Reached skill level 5 in Dodging
    29 | D        | Reached XP level 2. HP: 23/27 MP: 2/8
    29 | D        | Reached XP level 3. HP: 28/33 MP: 2/10
    29 | D        | Reached XP level 4. HP: 34/39 MP: 2/11
    37 | D        | Killed a centaur
    37 | D        | Reached skill level 3 in Staves
    37 | D        | Reached XP level 5. HP: 16/46 MP: 0/13
    39 | D        | Killed a centaur
    39 | D        | Reached skill level 4 in Staves
    39 | D        | Reached XP level 6. HP: 18/52 MP: 0/15
    49 | D        | Found a roughly hewn altar of Beogh.
    49 | D        | Found a snail-covered altar of Cheibriados.
    49 | D        | Found a shadowy altar of Dithmenos.
    49 | D        | Found a white marble altar of Elyvilon.
    49 | D        | Found a blossoming altar of Fedhas.
    49 | D        | Found an opulent altar of Gozag.
    50 | D        | Found a hazy altar of Hepliaklqana.
    51 | D        | Found a viscous altar of Jiyva.
    52 | D        | Found an ancient bone altar of Kikubaaqudgha.
    53 | D        | Became a worshipper of Cheibriados the Contemplative
    58 | D        | Learned a level 3 spell: Regeneration
    59 | D        | Found a corrupted altar of Lugonu.
    60 | D        | Found a burning altar of Makhleb.
    61 | D        | Found a sparkling altar of Nemelex Xobeh.
    62 | D        | Found an iron altar of Okawaru.
    63 | D        | Found a stormy altar of Qazlal.
    64 | D        | Found a sacrificial altar of Ru.
    65 | D        | Found a deep blue altar of Sif Muna.
    66 | D        | Found a bloodstained altar of Trog.
    67 | D        | Found a hide-covered altar of Uskayaw.
    68 | D        | Found a radiant altar of Vehumet.
    70 | D        | Found an ornate altar of the Wu Jian Council.
    71 | D        | Found a shimmering altar of Xom.
    72 | D        | Found a basalt altar of Yredelemnul.
    73 | D        | Found a glowing silver altar of Zin.
    74 | D        | Found a glowing golden altar of the Shining One.
   108 | D        | Learned a level 2 spell: Shroud of Golubria
   112 | D        | Learned a level 3 spell: Spectral Weapon
   127 | D        | Reached skill level 5 in Armour
   128 | D        | Reached * piety under Cheibriados
   132 | D        | Reached skill level 5 in Invocations
   133 | D        | Reached ** piety under Cheibriados
   143 | D        | Noticed a yak
   143 | D        | Noticed a two-headed ogre
   143 | D        | Noticed a wyvern
   148 | D        | Reached *** piety under Cheibriados
   148 | D        | Reached skill level 5 in Short Blades
   148 | D        | Reached skill level 5 in Long Blades
   148 | D        | Reached skill level 5 in Axes
   148 | D        | Reached skill level 5 in Maces & Flails
   148 | D        | Reached skill level 5 in Staves
   148 | D        | Reached skill level 5 in Slings
   148 | D        | Reached skill level 5 in Bows
   148 | D        | Reached skill level 5 in Crossbows
   148 | D        | Reached skill level 5 in Throwing
   148 | D        | Reached skill level 5 in Stealth
   148 | D        | Reached skill level 5 in Shields
   148 | D        | Reached skill level 5 in Unarmed Combat
   148 | D        | Reached skill level 5 in Evocations
   148 | D        | Reached XP level 7. HP: 56/59 MP: 3/17
   149 | D        | Killed a wyvern
   153 | D        | Killed a two-headed ogre
   153 | D        | Reached skill level 6 in Staves
   153 | D        | Reached skill level 5 in Conjurations
   153 | D        | Reached skill level 5 in Hexes
   153 | D        | Reached skill level 5 in Summonings
   153 | D        | Reached skill level 5 in Necromancy
   153 | D        | Reached skill level 5 in Translocations
   153 | D        | Reached skill level 5 in Transmutations
   153 | D        | Reached skill level 5 in Fire Magic
   153 | D        | Reached skill level 5 in Ice Magic
   153 | D        | Reached skill level 5 in Air Magic
   153 | D        | Reached skill level 5 in Earth Magic
   153 | D        | Reached skill level 5 in Poison Magic
   153 | D        | Reached XP level 8. HP: 31/68 MP: 4/20
   155 | D        | Killed a yak
   155 | D        | Reached **** piety under Cheibriados
   272 | D        | Noticed a hippogriff
   272 | D        | Noticed a yak
   272 | D        | Noticed a spiny frog
   273 | D        | Killed a spiny frog
   273 | D        | Reached skill level 7 in Staves
   273 | D        | Reached XP level 9. HP: 75/75 MP: 15/21
   277 | D        | Noticed a spiny frog
   280 | D        | Reached ***** piety under Cheibriados
   280 | D        | Noticed a komodo dragon
   285 | D        | Reached skill level 8 in Staves
   290 | D        | Killed a spiny frog
   295 | D        | Killed a komodo dragon
   295 | D        | Reached ****** piety under Cheibriados
   295 | D        | Reached skill level 9 in Staves
   307 | D        | Noticed a four-headed hydra
   311 | D        | Noticed a komodo dragon
   315 | D        | Reached XP level 10. HP: 67/83 MP: 12/23
   330 | D        | Killed a four-headed hydra
   330 | D        | Reached skill level 10 in Staves
   330 | D        | Reached skill level 10 in Spellcasting
   349 | D        | Reached skill level 10 in Fighting
   349 | D        | Reached skill level 10 in Polearms
   349 | D        | Reached skill level 10 in Dodging
   388 | D        | Reached skill level 10 in Invocations
   390 | D        | Reached skill level 11 in Staves
   448 | D        | Noticed Grum
   458 | D        | Killed Grum
   469 | D        | Noticed Sonja
   482 | D        | Killed Sonja
   482 | D        | Reached XP level 11. HP: 72/92 MP: 17/25
   571 | D        | Noticed an orc sorcerer
   577 | D        | Killed an orc sorcerer
   577 | D        | Reached skill level 10 in Armour
   608 | D        | Noticed an orc knight
   621 | D        | Killed an orc knight
   621 | D        | Reached skill level 12 in Staves
   621 | D        | Reached skill level 10 in Charms
   632 | D        | Reached skill level 10 in Short Blades
   632 | D        | Reached skill level 10 in Long Blades
   632 | D        | Reached skill level 10 in Axes
   632 | D        | Reached skill level 10 in Maces & Flails
   632 | D        | Reached skill level 10 in Slings
   632 | D        | Reached skill level 10 in Bows
   632 | D        | Reached skill level 10 in Crossbows
   632 | D        | Reached skill level 10 in Throwing
   632 | D        | Reached skill level 10 in Stealth
   632 | D        | Reached skill level 10 in Shields
   632 | D        | Reached skill level 10 in Unarmed Combat
   632 | D        | Reached skill level 10 in Evocations
   662 | D        | Found Adim's Magic Scroll Boutique.
   662 | D        | Noticed an orc high priest
   662 | D        | Noticed an orc sorcerer
   666 | D        | Killed an orc sorcerer
   675 | D        | Killed an orc high priest
   678 | D        | Noticed an orc high priest
   681 | D        | Noticed a sixfirhy
   682 | D        | Noticed an orc high priest
   684 | D        | Upgraded the game from 0.23-a0-183-gf37f6fb to
                  | 0.23-a0-207-g93a313e
   684 | D        | Found Jawoy's Book Shop.
   687 | D        | Killed an orc high priest
   690 | D        | Noticed a soul eater
   694 | D        | Killed an orc high priest
   698 | D        | Found Kooblec's Antique Weapon Boutique.
   702 | D        | Found Qujukh's Antique Armour Shop.
   705 | D        | Noticed an orc high priest
   705 | D        | Noticed an orc knight
   707 | D        | Noticed an orc high priest
   710 | D        | Noticed a sun demon
   713 | D        | Killed an orc high priest
   715 | D        | Noticed an orc knight
   734 | D        | HP: 4/93 [orc knight/enchanted glaive (19)]
   736 | D        | Noticed a soul eater
   736 | D        | HP: 1/93 [orc knight/enchanted glaive (26)]
   737 | D        | Killed an orc knight
   737 | D        | Reached skill level 13 in Staves
   746 | D        | HP: 2/93 [soul eater/drain life[an orc high priest] (12)]
   746 | D        | Killed from afar by an orc high priest

Vault maps used:
D:        linesprint

Skill      XL: |  1  2  3  4  5  6  7  8  9 10 11 |
---------------+----------------------------------+-----
Spellcasting   | 5 6 7 8 9 10 11 | 11.6
Invocations    | 3 4 5 7 9 10 11 | 11.4
Short Blades   | 2 3 4 5 6 7 8 9 10 | 10.6
Long Blades    | 2 3 4 5 6 7 8 9 10 | 10.6
Axes           | 2 3 4 5 6 7 8 9 10 | 10.6
Maces & Flails | 2 3 4 5 6 7 8 9 10 | 10.6
Staves         | 2 3 4 5 6 7 9 11 13 | 13.0
Slings         | 2 3 4 5 6 7 8 9 10 | 10.6
Bows           | 2 3 4 5 6 7 8 9 10 | 10.6
Crossbows      | 2 3 4 5 6 7 8 9 10 | 10.6
Throwing       | 2 3 4 5 6 7 8 9 10 | 10.6
Stealth        | 2 3 4 5 6 7 8 9 10 | 10.6
Shields        | 2 3 4 5 6 7 8 9 10 | 10.6
Unarmed Combat | 2 3 4 5 6 7 8 9 10 | 10.6
Evocations     | 2 3 4 5 6 7 8 9 10 | 10.6
Fighting       | 5 6 8 9 10 11 | 11.4
Polearms       | 5 6 8 9 10 11 | 11.4
Armour         | 3 4 5 7 8 9 10 | 10.9
Dodging        | 5 6 8 9 10 11 | 11.4
Conjurations   | 2 3 4 5 6 8 9 |  9.0
Hexes          | 2 3 4 5 6 8 9 |  9.0
Summonings     | 2 3 4 5 6 8 9 |  9.0
Necromancy     | 2 3 4 5 6 8 9 |  9.0
Translocations | 2 3 4 5 6 8 9 |  9.0
Transmutations | 2 3 4 5 6 8 9 |  9.0
Fire Magic     | 2 3 4 5 6 8 9 |  9.0
Ice Magic      | 2 3 4 5 6 8 9 |  9.0
Air Magic      | 2 3 4 5 6 8 9 |  9.0
Earth Magic    | 2 3 4 5 6 8 9 |  9.0
Poison Magic   | 2 3 4 5 6 8 9 |  9.0
Charms         | 6 7 8 9 10 | 10.5

Action                   |  1- 3 |  4- 6 |  7- 9 | 10-12 || total
-------------------------+-------+-------+-------+-------++-------
Melee: Spear             |    17 |    11 |       |       ||    28
       Bite              |     2 |     3 |     9 |    19 ||    33
       Halberd           |       |    13 |    37 |    98 ||   148
       Glaive            |       |       |       |    44 ||    44
 Fire: Shortbow          |       |       |       |    11 ||    11
 Cast: Infusion          |     1 |       |       |       ||     1
       Regeneration      |       |     3 |     1 |     9 ||    13
       Spectral Weapon   |       |     2 |     2 |    11 ||    15
       Shroud of Golubri |       |       |     2 |     4 ||     6
Invok: Slouch            |       |       |     1 |       ||     1
Evoke: Wand              |       |       |       |     1 ||     1
  Use: Potion            |     1 |       |       |     3 ||     4
 Stab: Sleeping          |       |     1 |     2 |     3 ||     6
       Distracted        |       |       |       |     2 ||     2
Armor: Scale mail        |       |     3 |     3 |    28 ||    34
       Plate armour      |       |       |       |     7 ||     7
Dodge: Dodged            |     4 |    14 |    29 |   122 ||   169

Table legend:
 A = Non-vault XP
 B = Vault XP
 C = Vault XP percentage of total XP
 D = Non-vault monster count
 E = Vault monster count
 F = Vault count percentage of total count
                 A         B        C        D         E       F
            +---------+---------+-------+---------+---------+-------
      Total |       0 |   16632 | 100.0 |       0 |      89 | 100.0
            +---------+---------+-------+---------+---------+-------
          D |       0 |   16632 | 100.0 |       0 |      89 | 100.0
            +---------+---------+-------+---------+---------+-------
